 Dungeon Crawl Stone Soup version 0.32-a0-918-g0f22ef8d61 (webtiles) character file.

Game seed: 2100299139464551891

7 RockemSockem the Firebug (level 1, -1/14 HPs)
             Began as a Mountain Dwarf Fire Elementalist on Apr 11, 2024.
             Slain by an endoplasm (2 damage)
             ... on level 1 of the Dungeon.
             The game lasted 00:06:33 (386 turns).

RockemSockem the Firebug (MDFE)                      Turns: 386, Time: 00:06:34

Health: -1/14      AC:  2    Str: 10    XL:     1   Next: 83%
Magic:  1/3        EV: 11    Int: 15    God:
Gold:   0          SH:  0    Dex: 10    Spells: 2/3 levels left

rFire   . . .        e - +0 dagger
rCold   . . .        (no shield)
rNeg    . . .        a - +0 robe
rPois   .            (no helmet)
rElec   .            (no cloak)
rCorr   .            (no gloves)
SInv    .            (no boots)
Will    .....        (no amulet)
Stlth   ++           (no ring)
HPRegen 0.22/turn    (no ring)
MPRegen 0.08/turn

%: no passive effects
@: no status effects
A: runic magic, artefact enchanting
a: no special abilities


You were on level 1 of the Dungeon.
You visited 1 branch of the dungeon, and saw 1 of its levels.

Inventory:

Hand Weapons
 e - a +0 dagger (weapon)
Armour
 a - a +0 robe (worn)
Scrolls
 c - 2 scrolls of teleportation {unknown}
Potions
 b - a potion of magic
 d - 2 potions of heal wounds {unknown}
 f - a potion of enlightenment {unknown}


   Skills:
 + Level 1.5 Dodging
 + Level 1.4 Stealth
 + Level 1.7 Spellcasting
 + Level 0.8 Conjurations
 + Level 4.0 Fire Magic


You had 2 spell levels left.
You knew the following spells:

 Your Spells              Type           Power      Damage    Failure   Level
a - Foxfire               Conj/Fire      32%        2x1d5     9%          1

Your spell library contained the following spells:

 Spells                   Type           Power      Damage    Failure   Level
 Scorch                   Fire           26%        2d6       6%          2
 Inner Flame              Hex/Fire       7%         N/A       30%         3
 Volatile Blastmotes      Fire/Tloc      14%        2d11      30%         3
 Flame Wave               Conj/Fire      8%         2d5       63%         4


Dungeon Overview and Level Annotations

Branches:
Dungeon (1/15)

Altars:


Innate Abilities, Weirdness & Mutations

Your spellcasting is much less encumbered by armour.
You can use scrolls of enchantment on lesser artefacts.


Message History

You conjure some foxfire!
The goblin hits you with a +0 club.
You hit the goblin.
You kill the goblin!
The foxfire hits the quokka.
The quokka is lightly wounded.
Your Fire Magic skill increases to level 4!
You closely miss the quokka.
The quokka is lightly wounded.
The quokka bites you but does no damage.
You hit the quokka.
The quokka is heavily wounded.
The quokka misses you.
You closely miss the quokka.
The quokka is heavily wounded.
The quokka barely misses you. The endoplasm freezes you.
You are frozen.
You barely miss the quokka.
The quokka is heavily wounded.
The quokka closely misses you. The endoplasm freezes you.
You are frozen.
The quokka bites you.
You hit the quokka.
The quokka is severely wounded.
The endoplasm hits you but does no damage.
The quokka barely misses you.
You barely miss the quokka.
The quokka is severely wounded.
The endoplasm freezes you.
You are frozen.
The quokka bites you.
* * * LOW HITPOINT WARNING * * *
Casting: Foxfire (safe; 9% risk of failure)
Press: ? - help, Q - select action Dir - look around, f - activate Look: a quokka (severely wounded)
You conjure some foxfire!
The quokka bites you.
* * * LOW HITPOINT WARNING * * *
The endoplasm hits you.
You die...

#. ##### #. ....###
## ##. ..... ..
##..#####.######
#..............####
###.#......#.........
#...##.###.#.........
#vv.# #.'.........
#@### ###.........
#rJ.....######....
...####.# #.... #....
##### #..... #
##.#### # ... # #.. #


You could see an endoplasm and a quokka (ally target).

Vanquished Creatures
  2 bats (D:1)
  2 goblins (D:1)
  2 rats (D:1)
6 creatures vanquished.

Vanquished Creatures (others)
  3 foxfires (D:1)
3 creatures vanquished.

Grand Total: 9 creatures vanquished

Notes
Turn   | Place    | Note
-------+----------+-------------------------------------------
     0 | D:1      | RockemSockem the Mountain Dwarf Fire Elementalist began the
                  | quest for the Orb.
     0 | D:1      | Reached XP level 1. HP: 14/14 MP: 3/3
   380 | D:1      | Reached skill level 4 in Fire Magic
   386 | D:1      | Slain by an endoplasm

Illustrated notes

Levels and vault maps discovered:
D:1:      dpeg_arrival_subterranean_lakeside_camping, layout_basic

Skill      XL: |  1 |
---------------+----+-----
Fire Magic     | 4 |  4.0
Dodging        | |  1.5
Stealth        | |  1.4
Spellcasting   | |  1.7
Conjurations   | |  0.8

Action                     || total
---------------------------++-------
  Melee: Unarmed           ||    39
         Dagger            ||     7
         Punch             ||     1
   Cast: Foxfire           ||     3
 Armour: Robe              ||    59
  Dodge: Dodged            ||    64

Table legend: (Time is in decaauts)
 A = Elapsed time spent in this place.
 B = Non-inter-level travel time spent in this place.
 C = Inter-level travel time spent in this place.
 D = Time resting spent in this place.
 E = Time spent auto-exploring this place.
 F = Levels seen in this place.
 G = Mean time per level.
                   A        B        C        D        E       F      G
               +--------+--------+--------+--------+--------+-----+--------+
         Total |    400 |    265 |    135 |    100 |      0 |   1 |  400.0 |
       Dungeon |    400 |    265 |    135 |    100 |      0 |   1 |  400.0 |
               +--------+--------+--------+--------+--------+-----+--------+

Top non-repeatable levels by time:
     D:1: 400 daAuts
